 Dungeon Crawl Stone Soup version 0.29-a0-416-g83a48905f1 (webtiles) character file.

Game seed: 10541239123760773069

62 Hubjo the Firebug (level 3, -2/21 HPs)
             Began as a Deep Elf Fire Elementalist on May 16, 2022.
             Was a Believer of Sif Muna.
             Slain by a gnoll
             ... wielding a +0 flail
              (5 damage)
             ... on level 2 of the Dungeon.
             The game lasted 00:02:58 (2963 turns).

Hubjo the Firebug (Deep Elf Fire Elementalist)      Turns: 2963, Time: 00:02:59

Health: -2/21      AC:  2    Str:  5    XL:     3   Next: 85%
Magic:  1/10       EV: 12    Int: 21    God:    Sif Muna [**....]
Gold:   89         SH:  0    Dex: 15    Spells: 8/9 levels left

rFire   . . .      SeeInvis .   (no weapon)
rCold   . . .      Faith    .   (no shield)
rNeg    . . .      Spirit   .   a - +0 robe
rPois   .          Reflect  .   (no helmet)
rElec   .          Harm     .   (no cloak)
rCorr   .          Rampage  .   (no gloves)
Will    .....                   (no boots)
Stlth   ++........              (no amulet)
HPRegen 0.07/turn               (no ring)
MPRegen 0.12/turn               (no ring)

@: no status effects
A: no striking features
a: Renounce Religion, Channel Magic


You were on level 2 of the Dungeon.
You worshipped Sif Muna.
Sif Muna was pleased with you.
You visited 1 branch of the dungeon, and saw 2 of its levels.

You collected 89 gold pieces.

Inventory:

Armour
 a - a +0 robe (worn)
Scrolls
 e - 3 scrolls of identify {unknown}
 g - a scroll of immolation {unknown}
 k - a scroll of vulnerability {unknown}
 m - a scroll of noise {unknown}
 n - a scroll of torment {unknown}
Potions
 b - a potion of magic
 c - a potion of cancellation {unknown}
 d - 2 potions of heal wounds {unknown}
 f - 2 potions of brilliance {unknown}
 h - a potion of flight {unknown}
 i - a potion of invisibility {unknown}
 j - a potion of resistance {unknown}
 l - a potion of degeneration {unknown}


   Skills:
 * Level 1.7 Fighting
 - Level 2.4 Dodging
 + Level 3.2 Stealth
 + Level 3.6 Spellcasting
 - Level 1.1 Conjurations
 + Level 3.7 Fire Magic


You had 8 spell levels left.
You knew the following spells:

 Your Spells              Type           Power      Damage    Failure   Level
a - Foxfire               Conj/Fire      56%        2x1d6     4%          1

Your spell library contained the following spells:

 Spells                   Type           Power      Damage    Failure   Level
 Scorch                   Fire           38%        2d6       4%          2
 Conjure Flame            Conj/Fire      14%        6-21      14%         3
 Inner Flame              Hex/Fire       11%        N/A       17%         3
 Flame Wave               Conj/Fire      14%        2d6       41%         4


Dungeon Overview and Level Annotations

Branches:
Dungeon (2/15)

Altars:
Gozag
Sif Muna


Message History

You conjure some foxfire!
The foxfire hits the endoplasm.
The endoplasm is heavily wounded.
The foxfire hits the endoplasm.
You kill the endoplasm!
Sif Muna accepts your kill.
You conjure some foxfire!
The foxfire hits the gnoll.
The gnoll is heavily wounded.
The foxfire hits the gnoll.
The gnoll is heavily wounded.
You conjure some foxfire!
The foxfire hits the gnoll.
The gnoll is severely wounded.
The foxfire hits the gnoll but does no damage.
The gnoll is severely wounded.
A gnoll comes into view. It is wielding a +0 flail.
You conjure some foxfire!
The foxfire hits the gnoll.
The gnoll is almost dead.
The foxfire hits the gnoll.
You kill the gnoll!
Sif Muna accepts your kill.
You are too depleted to draw on your mana recklessly!
You are too depleted to draw on your mana recklessly!
You are too depleted to draw on your mana recklessly!
The foxfire hits the gnoll but does no damage.
You are too depleted to draw on your mana recklessly!
You are too depleted to draw on your mana recklessly!
Found an opulent altar of Gozag.
The gnoll hits you with a +0 flail!
Ouch! That really hurt!
You are too injured to fight recklessly!
Casting: Foxfire (safe; 4% risk of failure)
Confirm with . or Enter, or press ? or * to list all spells.
You conjure some foxfire!
The gnoll barely misses you.
You closely miss the gnoll.
The foxfire hits the gnoll.
The gnoll is lightly wounded.
The foxfire hits the gnoll.
The gnoll is heavily wounded.
The gnoll hits you with a +0 flail!
* * * LOW HITPOINT WARNING * * *
There is a stone staircase leading down here.
The gnoll hits you with a +0 flail.
You die...

#)#.# #.†.# #
##..# # #..# #
.. #..# # .#
#..# # #.# #..#
# #.# ######.g#
#
####.###.....@>#
#
#......#.#######
####.#..#.#
.......#..#
####......#
####......#
).........#
.....#..(.#
.#.....#.##


You could see a gnoll.

Vanquished Creatures
  A gnoll (D:2)
  An adder (D:2)
  7 endoplasms
  5 goblins
  2 hobgoblins (D:2)
  3 jackals (D:2)
  A quokka (D:2)
  8 ball pythons
  A bat (D:2)
  3 frilled lizards
  4 kobolds
  5 rats
41 creatures vanquished.

Vanquished Creatures (collateral kills)
  18 foxfires (D:1)
18 creatures vanquished.

Vanquished Creatures (others)
  223 foxfires
  A plant (D:1)
224 creatures vanquished.

Grand Total: 283 creatures vanquished

Notes
Turn   | Place    | Note
-------+----------+-------------------------------------------
     0 | D:1      | Hubjo the Deep Elf Fire Elementalist began the quest for
                  | the Orb.
     0 | D:1      | Reached XP level 1. HP: 10/10 MP: 6/6
   546 | D:1      | Reached XP level 2. HP: 11/16 MP: 2/8
   701 | D:1      | Found a faded altar of an unknown god.
   701 | D:1      | Noticed a Hell Sentinel
   710 | D:1      | Prayed at the altar of an unknown god.
   710 | D:1      | Became a worshipper of Sif Muna the Loreminder
   710 | D:1      | Reached * piety under Sif Muna
  1185 | D:1      | Reached skill level 1 in Fighting
  2205 | D:2      | Reached XP level 3. HP: 20/20 MP: 2/9
  2950 | D:2      | Reached ** piety under Sif Muna
  2954 | D:2      | Found an opulent altar of Gozag.
  2963 | D:2      | Slain by a gnoll

Illustrated notes

Levels and vault maps discovered:
D:1:      moated_graveyard_arrival, layout_loops_ring, serial_bayou,
          serial_bayou_crossing, serial_bayou_shore_a, serial_bayou_shore_b,
          serial_bayou_lake_a, dreamdust_ecumenical_altar_sealed_demon,
          st_stairs_2, minmay_curled_crystal
D:2:      minmay_skewed_foursquare, layout_basic, basic_altar, st_stairs_14

Skill      XL: |  1  2 |
---------------+-------+-----
Fighting       | 1 |  1.7
Stealth        | 3 |  3.2
Dodging        | |  2.4
Spellcasting   | |  3.6
Conjurations   | |  1.1
Fire Magic     | |  3.7

Action                   || total
-------------------------++-------
Melee: Unarmed           ||     2
 Cast: Foxfire           ||   150
Armor: Robe              ||     3
Dodge: Dodged            ||     9

Table legend: (Time is in decaauts)
 A = Elapsed time spent in this place.
 B = Non-inter-level travel time spent in this place.
 C = Inter-level travel time spent in this place.
 D = Time resting spent in this place.
 E = Time spent auto-exploring this place.
 F = Levels seen in this place.
 G = Mean time per level.
                   A        B        C        D        E       F      G
               +--------+--------+--------+--------+--------+-----+--------+
         Total |   3052 |   2963 |     89 |      0 |   2609 |   2 | 1526.0 |
       Dungeon |   3052 |   2963 |     89 |      0 |   2609 |   2 | 1526.0 |
               +--------+--------+--------+--------+--------+-----+--------+

Top non-repeatable levels by time:
     D:1: 1910 daAuts
     D:2: 1142 daAuts
